 Dungeon Crawl Stone Soup version 0.19.1-1-g22dce08 (webtiles) character file.

30685 theAP the Warrior (level 13, -16/95 HPs)
             Began as a Gargoyle Berserker on Jan 2, 2017.
             Was the Champion of Trog.
             Demolished by a death knight
             ... wielding a +4 halberd of protection
              (20 damage)
             ... on level 14 of the Dungeon.
             The game lasted 00:51:52 (13507 turns).

theAP the Warrior (Gargoyle Berserker)             Turns: 13507, Time: 00:51:52

Health: -16/95     AC: 21    Str: 26    XL:     13   Next: 53%
Magic:  11/11      EV: 10    Int: 11    God:    Trog [******]
Gold:   718        SH:  0    Dex: 13    Spells: 0 memorised, 12 levels left

rFire  + . .     SeeInvis .     Q - +9 dire flail "Eramoov" {flame, *Slow rElec rC+ Dex+2}
rCold  + . .     Gourm    .     e - +0 scale mail
rNeg   + . .     Faith    +     (shield currently unavailable)
rPois  ∞         Spirit   .     X - +2 hat
rElec  +         Reflect  .     C - +2 cloak
rCorr  .         Harm     .     O - +0 pair of gloves
MR     .....     Clarity  +     (no boots)
Stlth  ..........               N - amulet of faith
                                S - +3 ring of intelligence
                                r - ring of fire

@: exhausted, slowed, very slow
A: antennae 1, slimy green scales 1, agile 1, clarity, cold resistance 1,
deformed body, low mp 1, negative energy resistance 1, electricity resistance,
wild magic 2, unbreathing, petrification resistance, rot immunity, AC +9
a: Berserk, Trog's Hand, Brothers in Arms, Burn Spellbooks, Renounce Religion


You were on level 14 of the Dungeon.
You worshipped Trog.
Trog was exalted by your worship.
You were very hungry.

You visited 2 branches of the dungeon, and saw 15 of its levels.

You collected 774 gold pieces.
You spent 56 gold pieces at shops.

Inventory:

Hand Weapons
 a - a +6 eveningstar of crushing
 A - a +2 mace of holy wrath
 Q - the +9 dire flail "Eramoov" (weapon) {flame, *Slow rElec rC+ Dex+2}
   (Trog gifted it to you on level 11 of the Dungeon)

   It has been specially enchanted to burn those struck by it, causing extra
   injury to most foes and up to half again as much damage against particularly
   susceptible opponents.
   It affects your dexterity (+2).
   It protects you from cold.
   It insulates you from electricity.
   It may slow you when you take damage.
Armour
 e - a +0 scale mail (worn)
 C - a +2 cloak (worn)
 K - a +0 buckler
 O - a +0 pair of gloves (worn)
 X - a +2 hat (worn)
Jewellery
 b - an uncursed amulet of rage {unknown}
 r - a ring of fire (left hand)
 L - an uncursed amulet of regeneration
 N - an amulet of faith (around neck)
 S - a +3 ring of intelligence (right hand)
Wands
 g - a wand of random effects (26/48)
 h - a wand of slowing (18/48)
 w - a wand of enslavement (20/24)
 H - a wand of flame (17/48)
 M - a wand of confusion (15/48)
 T - a wand of flame (35/48)
 U - a wand of teleportation (3/9)
Scrolls
 d - 6 scrolls of noise
 j - 5 scrolls of teleportation
 l - 2 scrolls of magic mapping
 q - 5 scrolls of remove curse
 v - 2 scrolls of fog
 x - 2 scrolls of recharging
 D - a scroll of blinking
Potions
 f - 4 potions of agility
 i - 5 potions of lignification
 k - a potion of might
 n - a potion of cancellation {unknown}
 s - a potion of invisibility
 u - a potion of beneficial mutation {unknown}
 z - 4 potions of curing
 E - 3 potions of degeneration
 F - a potion of resistance
 G - a potion of magic
 I - 2 potions of ambrosia
 P - a potion of flight
Books
 y - a book of Cantrips

   Spells                             Type                      Level
   a - Confusing Touch                Hexes                        1
   b - Animate Skeleton               Necromancy                   1
   c - Summon Small Mammal            Summoning                    1
   d - Apportation                    Translocation                1
   Trog disapproves of the use of such an item.
Comestibles
 c - 6 bread rations
 m - 5 meat rations
 o - a slice of pizza
 t - 3 beef jerkies
 B - 18 fruits


   Skills:
 + Level 16.6 Fighting
 + Level 15.7 Maces & Flails
 - Level 2.3 Armour
 - Level 1.6 Dodging
 - Level 0.2 Stealth


You had 12 spell levels left.
You didn't know any spells.

Dungeon Overview and Level Annotations

Branches:
Dungeon (14/15)            Temple (1/1) D:5            Lair (0/6) D:11
    Orc (0/2) D:10         Vaults (0/5) D:14

Altars:
Ashenzari
Cheibriados
Dithmenos
Elyvilon
Fedhas
Gozag
Hepliaklqana
Kikubaaqudgha
Makhleb
Nemelex Xobeh
Okawaru
Qazlal
Ru
Sif Muna
Trog
Uskayaw
Vehumet
Xom
Yredelemnul
Zin
The Shining One

Shops:
D:13 ?


Innate Abilities, Weirdness & Mutations

You are resistant to torment.
Your stone body is resilient. (AC +9)
You are immune to poison.
You resist negative energy. (rN+)
You are resistant to electric shocks. (rElec)
You can survive without breathing.
You are immune to petrification.
You are immune to rotting.
You have a pair of small antennae on your head.
You are partially covered in slimy green scales. (AC +2)
You are agile. (Dex +2)
You possess an exceptional clarity of mind.
Your flesh is cold resistant. (rC+)
Armour fits poorly on your strangely shaped body.
Your magical capacity is low. (-10% MP)
Your spells are harder to cast, but more powerful.


Message History

The troll claws you.
* * * LOW HITPOINT WARNING * * *
The troll claws you but does no damage.
You closely miss the troll.
The troll is lightly wounded.
The death knight hits you with a halberd of protection!!
* * * LOW HITPOINT WARNING * * *
You sock the troll! You burn the troll.
The troll is severely wounded.
The troll misses you. The troll closely misses you.
The troll claws you but does no damage. The death knight closely misses you.
The death knight closely misses you. The troll closely misses you.
The troll claws you but does no damage. x2
The death knight offers itself to Yredelemnul, and fills with unholy energy.
The troll barely misses you.
The troll claws you but does no damage. x2
The troll bites you but does no damage. The troll claws you.
* * * LOW HITPOINT WARNING * * *
The troll barely misses you.
The death knight hits you from afar with a halberd of protection!!
You die...

##...# ##..#
###+## ##..#
#... .# ##...#
.#...#.##....#
.....?)#)....#
.).∩..)).....#
.......#)p...#
.#...#.##.T..#
#... .# ##.@.#
### ## ##..#
#.## ..# ..#
...# ####


You could see a death knight and a troll.

Vanquished Creatures
  The ghost of kae the Carver, a journeyman FoFi of Okawaru (D:13)
  The ghost of Adolfin the Cleaver, a journeyman DsFi (D:13)
  4 vault guards (D:14)
  A centaur warrior (D:13)
  An ogre mage (D:14)
  An unseen horror (D:14)
  4 hill giants
  A deep elf mage (D:12)
  6 ugly things
  2 manticores
  2 cyclopes
  A centaur zombie (D:10)
  A gargoyle (D:13)
  2 centaur skeletons
  2 freezing wraiths
  3 trolls
  A meliai (D:14)
  5 hornets
  3 slime creatures (D:13)
  4 hippogriffs
  A shadow (D:14)
  A wraith (D:14)
  26 yaks
  2 vampire mosquitoes (D:14)
  2 steam dragons
  Menkaure (D:4)
  A mottled dragon (D:12)
  A hungry ghost (D:9)
  A soldier ant (D:11)
  2 insubstantial wisps
  2 water moccasins
  2 hell hounds (D:11)
  An eye of draining (D:9)
  A hornet zombie (D:9)
  4 ice beasts
  7 sky beasts
  6 orc warriors
  2 phantoms
  3 black bears
  A necrophage (D:10)
  6 ogres
  11 centaurs
  A crocodile (D:9)
  2 big kobolds
  14 bullfrogs
  A water moccasin skeleton (D:9)
  6 scorpions
  10 killer bees
  9 wights
  4 crimson imps
  2 quasits
  7 hounds
  A bullfrog skeleton (D:5)
  10 orc priests
  3 jellies
  15 orc wizards
  3 iguanas
  9 worker ants
  A howler monkey zombie (D:9)
  2 worker ant zombies
  7 gnolls
  2 howler monkey skeletons
  9 adders
  2 shadow imps
  An ooze (D:1)
  4 adder zombies
  2 adder skeletons
  A dart slug (D:2)
  3 worms
  4 leopard geckos
  59 orcs
  6 bats
  5 giant cockroaches
  23 goblins
  12 hobgoblins
  12 jackals
  5 quokkas
  A ball python (D:1)
  2 frilled lizards
  A jackal skeleton (D:4)
  20 kobolds
  A leopard gecko skeleton (D:7)
  9 rats
421 creatures vanquished.

Vanquished Creatures (collateral kills)
  A bullfrog skeleton (D:8)
1 creature vanquished.

Grand Total: 422 creatures vanquished

Notes
Turn   | Place    | Note
-------+----------+-------------------------------------------
     0 | D:1      | theAP the Gargoyle Berserker began the quest for the Orb.
     0 | D:1      | Reached XP level 1. HP: 14/14 MP: 1/1
     0 | D:1      | Noticed an iron dragon
     0 | D:1      | Noticed an ice dragon
     1 | D:1      | Noticed a tentacled monstrosity
     3 | D:1      | Noticed an iron dragon
     5 | D:1      | Noticed a tentacled monstrosity
     6 | D:1      | Noticed a tentacled monstrosity
     7 | D:1      | Noticed a mottled draconian
     8 | D:1      | Noticed an orb of fire
    10 | D:1      | Noticed a tentacled monstrosity
    12 | D:1      | Noticed an orb of fire
    13 | D:1      | Noticed an orb of fire
    15 | D:1      | Noticed an orb of fire
    15 | D:1      | Noticed an orb of fire
    17 | D:1      | Noticed an ice dragon
    17 | D:1      | Noticed a large abomination
    19 | D:1      | Noticed an iron dragon
    21 | D:1      | Noticed an orb of fire
    70 | D:1      | Reached XP level 2. HP: 13/19 MP: 2/2
   539 | D:2      | Reached XP level 3. HP: 22/23 MP: 3/3
   600 | D:2      | Found an iron altar of Okawaru.
   778 | D:2      | Reached ** piety under Trog
  1182 | D:3      | Found a faded altar of an unknown god.
  1182 | D:3      | Found a faded altar of an unknown god.
  1198 | D:3      | Reached XP level 4. HP: 25/29 MP: 4/4
  1202 | D:3      | Found a faded altar of an unknown god.
  1207 | D:3      | Found a faded altar of an unknown god.
  1209 | D:3      | Found a basalt altar of Yredelemnul.
  1449 | D:3      | Reached skill level 4 in Fighting
  1625 | D:3      | Reached skill level 5 in Maces & Flails
  1625 | D:3      | Reached XP level 5. HP: 30/33 MP: 5/5
  1801 | D:4      | Noticed an ogre
  1816 | D:4      | Killed an ogre
  1982 | D:4      | Reached XP level 6. HP: 36/40 MP: 6/6
  2153 | D:4      | Reached skill level 5 in Fighting
  2278 | D:4      | Reached *** piety under Trog
  2584 | D:4      | Noticed Menkaure
  2593 | D:4      | Killed Menkaure
  2593 | D:4      | Reached XP level 7. HP: 16/45 MP: 7/7
  2828 | D:4      | Found a glowing golden altar of the Shining One.
  3087 | D:5      | Entered Level 5 of the Dungeon
  3089 | D:5      | Found a staircase to the Ecumenical Temple.
  3108 | Temple   | Entered the Ecumenical Temple
  3425 | D:5      | Reached skill level 6 in Fighting
  3533 | D:5      | Got a polished long sword
  3534 | D:5      | Identified the +3 long sword of the Coward {venom, rF+ Str+4} (You found it on level 5 of the Dungeon)
  3814 | D:5      | Found a shimmering altar of Xom.
  3823 | D:5      | Reached XP level 8. HP: 52/52 MP: 8/8
  3824 | D:5      | Reached skill level 7 in Fighting
  3826 | D:5      | Found a shadowy altar of Dithmenos.
  3826 | D:5      | Found a snail-covered altar of Cheibriados.
  3828 | D:5      | Found a glowing silver altar of Zin.
  3828 | D:5      | Found a basalt altar of Yredelemnul.
  3828 | D:5      | Found a sacrificial altar of Ru.
  4308 | D:6      | Reached **** piety under Trog
  4518 | D:6      | Reached skill level 8 in Fighting
  4542 | D:6      | Gained mutation: Your mind is acute. (Int +2) [potion of mutation]
  4542 | D:6      | Gained mutation: Your flesh is cold resistant. (rC+) [potion of mutation]
  4542 | D:6      | Gained mutation: You have a pair of small antennae on your head. [potion of mutation]
  4543 | D:6      | Gained mutation: Your muscles are strong. (Str +2) [potion of mutation]
  4543 | D:6      | Gained mutation: Armour fits poorly on your strangely shaped body. [potion of mutation]
  4807 | D:6      | Reached XP level 9. HP: 59/60 MP: 9/9
  4938 | D:6      | Reached skill level 9 in Fighting
  5083 | D:6      | Noticed a hornet
  5096 | D:6      | Killed a hornet
  5544 | D:7      | Noticed a hornet
  5553 | D:7      | Killed a hornet
  5687 | D:7      | Reached skill level 10 in Fighting
  5971 | D:7      | Reached ***** piety under Trog
  6193 | D:7      | Reached skill level 10 in Maces & Flails
  6278 | D:7      | Found a glowing silver altar of Zin.
  6897 | D:8      | Gained mutation: You are agile. (Dex +2) [mutagenic meat]
  6898 | D:8      | Gained mutation: Your muscles are very strong. (Str +4) [mutagenic meat]
  6899 | D:8      | Lost mutation: Your mind is acute. (Int +2) [mutagenic meat]
  6902 | D:8      | Lost mutation: Armour fits poorly on your strangely shaped body. [mutagenic meat]
  7024 | D:8      | Reached XP level 10. HP: 68/68 MP: 10/10
  7130 | D:8      | Found a hazy altar of Hepliaklqana.
  7261 | D:8      | Reached skill level 11 in Fighting
  7897 | D:9      | Received a gift from Trog
  8413 | D:9      | Reached skill level 12 in Fighting
  9720 | D:9      | Reached XP level 11. HP: 68/76 MP: 11/11
  9869 | D:9      | Found a deep blue altar of Sif Muna.
  9961 | D:10     | Entered Level 10 of the Dungeon
  9972 | D:10     | Received a gift from Trog
 10181 | D:10     | Found a staircase to the Orcish Mines.
 10261 | D:10     | Reached skill level 13 in Fighting
 10804 | D:11     | Noticed a hill giant
 10815 | D:11     | Killed a hill giant
 10998 | D:11     | Noticed a cyclops
 11000 | D:11     | Noticed a manticore
 11016 | D:11     | Killed a cyclops
 11021 | D:11     | Killed a manticore
 11181 | D:11     | Received a gift from Trog
 11201 | D:11     | Got an ancient dire flail {god gift}
 11207 | D:11     | Identified the +9 dire flail "Eramoov" {flame, *Slow rElec rC+ Dex+2} (Trog gifted it to you on level 11 of the Dungeon)
 11271 | D:11     | Reached skill level 14 in Fighting
 11274 | D:11     | Noticed a hill giant
 11288 | D:11     | Killed a hill giant
 11298 | D:11     | Reached XP level 12. HP: 74/85 MP: 12/12
 11317 | D:11     | Found a staircase to the Lair.
 11369 | D:11     | Reached ****** piety under Trog
 11403 | D:11     | Lost mutation: Your muscles are very strong. (Str +4) [mutagenic meat]
 11404 | D:11     | Gained mutation: Armour fits poorly on your strangely shaped body. [mutagenic meat]
 11415 | D:11     | Gained mutation: You have supernaturally acute eyesight. (SInv) [mutagenic meat]
 11416 | D:11     | Gained mutation: You are very agile. (Dex +4) [mutagenic meat]
 11418 | D:11     | Lost mutation: You have supernaturally acute eyesight. (SInv) [mutagenic meat]
 11419 | D:11     | Lost mutation: Your muscles are strong. (Str +2) [mutagenic meat]
 11731 | D:12     | Gained mutation: You are partially covered in slimy green scales. (AC +2) [mutagenic meat]
 11732 | D:12     | Gained mutation: Your spells are a little harder to cast, but a little more powerful. [mutagenic meat]
 11733 | D:12     | Gained mutation: You possess an exceptional clarity of mind. [mutagenic meat]
 12025 | D:12     | Identified a scroll of acquirement
 12089 | D:12     | Lost mutation: You are very agile. (Dex +4) [mutagenic meat]
 12090 | D:12     | Gained mutation: Your magical capacity is low. (-10% MP) [mutagenic meat]
 12356 | D:13     | Noticed kae's ghost (journeyman FoFi)
 12368 | D:13     | Killed kae's ghost
 12368 | D:13     | Reached skill level 15 in Fighting
 12508 | D:13     | Received a gift from Trog
 12620 | D:13     | Gained mutation: Your spells are harder to cast, but more powerful. [mutagenic meat]
 12730 | D:13     | Noticed a centaur warrior
 12736 | D:13     | Killed a centaur warrior
 12765 | D:13     | Found Ceacoeso's Magic Scroll Boutique.
 12769 | D:13     | Bought a scroll of identify for 28 gold pieces
 12769 | D:13     | Bought a scroll of identify for 28 gold pieces
 12803 | D:13     | Noticed Adolfin's ghost (journeyman DsFi)
 12821 | D:13     | Killed Adolfin's ghost
 13143 | D:13     | Reached XP level 13. HP: 88/93 MP: 11/11
 13170 | D:14     | Reached skill level 15 in Maces & Flails
 13186 | D:14     | Reached skill level 16 in Fighting
 13459 | D:14     | Found a gate to the Vaults.
 13459 | D:14     | Noticed a vault guard
 13459 | D:14     | Noticed a vault guard
 13459 | D:14     | Noticed a vault guard
 13460 | D:14     | Noticed a vault guard
 13471 | D:14     | Killed a vault guard
 13476 | D:14     | Killed a vault guard
 13486 | D:14     | Killed a vault guard
 13486 | D:14     | Received a gift from Trog
 13491 | D:14     | Killed a vault guard
 13501 | D:14     | HP: 3/95 [death knight/halberd of protection (22)]
 13507 | D:14     | HP: 4/95 [troll (1)]
 13507 | D:14     | Demolished by a death knight

Skill      XL: |  1  2  3  4  5  6  7  8  9 10 11 12 13 |
---------------+----------------------------------------+-----
Maces & Flails | 4 5 6 7 8 10 11 13 14 15 | 15.7
Fighting       | 4 5 6 8 10 12 14 15 16 | 16.6
Armour         | |  2.3
Dodging        | |  1.6
Stealth        | |  0.2

Action                   |  1- 3 |  4- 6 |  7- 9 | 10-12 | 13-15 || total
-------------------------+-------+-------+-------+-------+-------++-------
Melee: Mace              |   123 |   150 |   226 |   564 |       ||  1063
       Flail             |       |       |   191 |       |       ||   191
       Dire flail        |       |       |       |   224 |   101 ||   325
Invok: Berserk           |       |     3 |     7 |    12 |     1 ||    23
       Burn Spellbooks   |       |     1 |     2 |     2 |       ||     5
       Trog's Hand       |       |       |     1 |       |       ||     1
  Use: Scroll            |     5 |     1 |    11 |    13 |       ||    30
       Potion            |       |     2 |     5 |     1 |     1 ||     9
  Eat: Chunk             |     1 |     2 |    18 |    48 |     1 ||    70
       Meat ration       |       |     1 |       |       |       ||     1
       Bread ration      |       |       |     2 |       |       ||     2
       Fruit             |       |       |     2 |     6 |     1 ||     9
Armor: Animal skin       |    20 |       |       |       |       ||    20
       Scale mail        |    61 |    82 |   223 |   382 |    46 ||   794
Dodge: Dodged            |   108 |    94 |   195 |   338 |    42 ||   777
Block: Buckler           |       |       |       |     4 |       ||     4
